 Dungeon Crawl Stone Soup version 0.18-a0-900-gbbf5c82 (webtiles) character file.

1120 deanyohobro the Covered (level 8, 14/74 HPs)
             Began as a Deep Dwarf Fighter on Dec 24, 2015.
             Quit the game on level 5 of the Dungeon.
             The game lasted 00:20:45 (3354 turns).

deanyohobro the Covered (Deep Dwarf Fighter)        Turns: 3354, Time: 00:20:45

Health: 14/74      AC: 11    Str: 23    XL:     8   Next: 12%
Magic:  7/7        EV: 12    Int:  8    God:
Gold:   208        SH:  0    Dex: 12    Spells: 0 memorised, 7 levels left

rFire  . . .     SeeInvis .     d - +1 great sword
rCold  . . .     Gourm    .     b - +0 scale mail
rNeg   . . .     Faith    .     (shield currently unavailable)
rPois  .         Spirit   .     n - +1 helmet
rElec  .         Dismiss  .     (no cloak)
rCorr  .         Reflect  .     (no gloves)
SustAt .         Harm     .     w - +0 pair of boots
MR     +....     Rnd*Tele +     (no amulet)
Stlth  ..........               (no ring)
                                y - ring of teleportation (curse)

@: non-regenerating, somewhat resistant to hostile enchantments, extremely
unstealthy
A: damage resistance, recharge devices, sense surroundings 1, slow regeneration
3
a: Device Recharging, Evoke Teleportation


You were on level 5 of the Dungeon.
You were not hungry.

You visited 1 branch of the dungeon, and saw 5 of its levels.

You collected 208 gold pieces.

Inventory:

Hand Weapons
 d - a +1 great sword (weapon)
 C - a +1 vampiric dagger
Armour
 b - a +0 scale mail (worn)
 c - a +0 shield
 n - a +1 helmet (worn)
 w - a +0 pair of boots (worn)
Jewellery
 y - a cursed ring of teleportation (left hand)
Wands
 e - a wand of heal wounds (2/9)
 g - a wand of polymorph (0/24)
 m - a wand of flame (7/48)
 u - a wand of confusion (15/48)
Scrolls
 j - 3 scrolls of identify
 o - a scroll of amnesia
 q - a scroll of magic mapping
Potions
 p - a potion of magic {unknown}
 s - a potion of curing {unknown}
 x - a potion of brilliance {unknown}
 z - a potion of agility
 A - a potion of haste {unknown}
Comestibles
 a - a chunk of flesh
 f - 3 bread rations
 h - 3 meat rations
 i - 2 beef jerkies
 r - a slice of pizza


   Skills:
 - Level 5.1 Fighting
 + Level 5.6 Long Blades
 - Level 6.0 Armour
 - Level 4.4 Dodging
 - Level 3.2 Shields


You had 7 spell levels left.
You didn't know any spells.

Dungeon Overview and Level Annotations

Branches:
Dungeon (5/15)
 Temple: D:4-7

Altars:
Fedhas
Gozag
Qazlal
The Shining One


Innate Abilities, Weirdness & Mutations

You are resistant to damage.
You can recharge devices by infusing magical energy.
You passively map a small area around you.
You do not regenerate naturally.


Message History

The worker ant is lightly wounded.
This wand has 7 charges left.
The orc warrior barely misses you.
You closely miss the orc warrior.
The orc warrior is almost dead.
The orc warrior hits you with a glaive!!
You closely miss the orc warrior.
The orc warrior is almost dead.
The orc warrior hits you with a glaive!
* * * LOW HITPOINT WARNING * * *
You slash the orc warrior!
You kill the orc warrior!
You are suddenly yanked towards some nearby monsters!
Your surroundings suddenly seem different.
An orc comes into view.
The orc shouts!
Found four items.
A jackal skeleton comes into view.
Unknown command.
Unknown command.
Are you sure you want to abandon this character and quit the game? (Confirm with "yes".)

, * #. .......
#.# ##.......
*.Z##........ ,
* ..#..o.../.
(........#
######......# ,
...........?###
, * *
#.@....... ,
#.......... ,
#.#........ ,
...#........ ,
..? .#....#.#
#.... . .##.#,.
#... . ## ..
#... .., ,,.. *
,


You could see an orc and a jackal skeleton.

Vanquished Creatures
  The ghost of George the Firebug, a novice DEFE of Vehumet (D:5)
  The ghost of Uberwunderbarhen the Insei, an amateur OpTm (D:4)
  An orc warrior (D:5)
  2 ogres (D:4)
  A hound (D:4)
  2 orc wizards (D:4)
  3 iguanas (D:4)
  3 orc priests
  4 worker ants (D:4)
  3 adders
  An ooze (D:2)
  An adder skeleton (D:4)
  2 worms
  18 orcs
  11 bats
  3 giant cockroaches
  19 goblins
  9 hobgoblins
  11 jackals
  2 quokkas (D:3)
  A ball python (D:2)
  4 giant geckos
  5 giant newts
  8 kobolds
  5 rats
121 creatures vanquished.

Notes
Turn   | Place    | Note
--------------------------------------------------------------
     0 | D:1      | deanyohobro the Deep Dwarf Fighter began the quest for the Orb.
     0 | D:1      | Reached XP level 1. HP: 20/20 MP: 1/1
    96 | D:1      | Reached XP level 2. HP: 22/28 MP: 2/2
   308 | D:1      | Reached skill level 1 in Dodging
   441 | D:1      | Reached XP level 3. HP: 25/34 MP: 3/3
   500 | D:1      | Found a glowing golden altar of the Shining One.
   842 | D:2      | Reached skill level 4 in Armour
  1115 | D:2      | Reached XP level 4. HP: 35/42 MP: 4/4
  1561 | D:3      | Found an opulent altar of Gozag.
  1792 | D:3      | Found a stormy altar of Qazlal.
  2044 | D:4      | Reached XP level 5. HP: 40/50 MP: 5/5
  2057 | D:4      | Found a blossoming altar of Fedhas.
  2270 | D:4      | Noticed Uberwunderbarhen's ghost (amateur OpTm)
  2276 | D:4      | Killed Uberwunderbarhen's ghost
  2276 | D:4      | Reached skill level 5 in Armour
  2276 | D:4      | Reached XP level 6. HP: 39/58 MP: 6/6
  2425 | D:4      | HP: 2/58 [ogre/giant spiked club (18)]
  2738 | D:4      | Reached skill level 5 in Fighting
  2738 | D:4      | Reached XP level 7. HP: 17/67 MP: 7/7
  2880 | D:4      | Reached skill level 6 in Armour
  3248 | D:5      | Entered Level 5 of the Dungeon
  3248 | D:5      | Noticed George's ghost (novice DEFE)
  3282 | D:5      | Killed George's ghost
  3315 | D:5      | Reached skill level 5 in Long Blades
  3315 | D:5      | Reached XP level 8. HP: 46/74 MP: 7/7
  3354 | D:5      | Quit the game

Vault maps used:
D:1:      kilobyte_arrival_exit_the_forest, tso_altar
D:3:      grunt_qazlal_clouds, grunt_decor_fettered, nicolae_gozag_seed_capital
D:4:      kennysheep_the_goblin_king, fedhas_altar_1
D:5:      minmay_temple_entry_overgrown, first_bread

Action                   |  1- 3 |  4- 6 |  7- 9 || total
-------------------------+-------+-------+-------++-------
Melee: Long sword        |   179 |   159 |       ||   338
       Dagger            |       |    73 |    27 ||   100
       Great sword       |       |       |    74 ||    74
 Abil: Device Recharging |       |       |     1 ||     1
Evoke: Wand              |     1 |    12 |    19 ||    32
  Use: Scroll            |       |     9 |     1 ||    10
       Potion            |       |     1 |     1 ||     2
  Eat: Chunk             |     1 |     6 |     2 ||     9
       Bread ration      |       |     1 |       ||     1
